 Dungeon Crawl Stone Soup version 0.30.1-3-gfc49f6343a (webtiles) character file.

Game seed: 8586290801712429292

39 Martska the Trooper (level 3, -2/39 HPs)
             Began as an Ogre Gladiator on July 19, 2023.
             Slain by a gnoll
             ... wielding a +0 club
              (5 damage)
             ... on level 2 of the Dungeon.
             The game lasted 00:01:18 (884 turns).

Martska the Trooper (Ogre Gladiator)                 Turns: 884, Time: 00:01:19

Health: -2/39      AC:  3    Str: 20    XL:     3   Next: 45%
Magic:  3/3        EV: 10    Int:  9    God:
Gold:   66         SH:  0    Dex: 10    Spells: 2/2 levels left

rFire   . . .        a - +0 flail
rCold   . . .        (no shield)
rNeg    . . .        b - +0 robe
rPois   .            c - +0 hat
rElec   .            (no cloak)
rCorr   .            (gloves unavailable)
SInv    .            (boots unavailable)
Will    .....        (no amulet)
Stlth   +            (no ring)
HPRegen 0.26/turn    (no ring)
MPRegen 0.08/turn

%: no passive effects
@: no status effects
A: large, unfitting armour, tough skin 1
a: no special abilities


You were on level 2 of the Dungeon.
You visited 1 branch of the dungeon, and saw 2 of its levels.

You collected 66 gold pieces.

Inventory:

Hand Weapons
 a - a +0 flail (weapon)
Missiles
 d - 3 throwing nets (quivered)
 e - a large rock
Armour
 b - a +0 robe (worn)
 c - a +0 hat (worn)
Scrolls
 g - a scroll of noise {unknown}
 i - a scroll of brand weapon {unknown}
 j - a scroll of identify {unknown}
Potions
 f - a potion of lignification {unknown}
 h - a potion of resistance {unknown}


   Skills:
 * Level 3.6 Fighting
 * Level 3.1 Maces & Flails
 - Level 2.0 Throwing
 * Level 3.1 Dodging


You had 2 spell levels left.
You didn't know any spells.
Your spell library was empty.

Dungeon Overview and Level Annotations

Branches:
Dungeon (2/15)

Altars:


Innate Abilities, Weirdness & Mutations

You are too large for most types of armour.
You have tough skin. (AC +1)


Message History

No target in view!
No target in view!
No target in view!
No target in view!
No target in view!
No target in view!
No target in view!
A gnoll and a rat come into view.
The gnoll shouts!
You hear a shout! x2
You see here a fuming cyan potion.
There are monsters nearby!
There are monsters nearby!
There are monsters nearby! 2 gnolls come into view.
The gnoll shouts!
A gnoll comes into view. It is wielding a +0 spear.
Found 5 gold pieces.
You closely miss the gnoll.
The gnoll hits you from afar with a +0 spear.
You barely miss the gnoll. Your punch misses the gnoll.
The gnoll hits you from afar with a +0 spear!
The gnoll hits you from afar with a +0 spear.
The gnoll barely misses you.
You hit the gnoll but do no damage. The gnoll hits you with a +0 club.
The rat closely misses you.
The gnoll hits you from afar with a +0 spear.
The gnoll barely misses you.
You barely miss the gnoll. The gnoll misses you.
The gnoll hits you with a +0 club. The gnoll closely misses you.
The gnoll hits you but does no damage. The rat bites you.
The rat closely misses you.
The gnoll hits you from afar with a +0 spear.
* * * LOW HITPOINT WARNING * * *
The gnoll hits you with a +0 club.
* * * LOW HITPOINT WARNING * * *
The gnoll closely misses you. The gnoll hits you with a +0 club.
* * * LOW HITPOINT WARNING * * *
The rat attacks as you move away! The rat misses you.
The gnoll attacks as you move away! The gnoll hits you with a +0 club.
You die...

#.......# #.......##
## #........
#..#.......#
##..<......#
.(...gg....# #
#....ggr$.######## .
#.. #@# .....#. #
#...##.#####......##
#....!......####..###
##.........[...##.[.##
##..†...!..##......>.
#.#....##########...
#.#.....# ###....
#.###...######.)..##
#. ###...[.....###


You could see 4 gnolls and a rat.

Vanquished Creatures
  A worm (D:2)
  4 bats
  4 endoplasms
  4 giant cockroaches (D:1)
  A goblin (D:1)
  5 hobgoblins
  5 quokkas
  A ball python (D:1)
  3 frilled lizards (D:1)
  A kobold (D:1)
  2 rats (D:2)
31 creatures vanquished.

Notes
Turn   | Place    | Note
-------+----------+-------------------------------------------
     0 | D:1      | Martska the Ogre Gladiator began the quest for the Orb.
     0 | D:1      | Reached XP level 1. HP: 22/22 MP: 1/1
   114 | D:1      | Reached XP level 2. HP: 30/31 MP: 2/2
   475 | D:1      | HP: 1/31 [quokka (2)]
   616 | D:2      | Reached XP level 3. HP: 28/37 MP: 3/3
   756 | D:2      | Found a faded altar of an unknown god.
   884 | D:2      | Slain by a gnoll

Illustrated notes

Levels and vault maps discovered:
D:1:      amcnicky_arrival_gap_in_the_tavern_cellar, layout_basic,
          serial_forest, infiniplex_forest_straight_2,
          infiniplex_forest_straight_2, infiniplex_forest_lined_corner,
          infiniplex_forest_straight_5, infiniplex_forest_straight_3,
          nicolae_eternal_life
D:2:      layout_rooms, shapermc_ecumenical_altar_gd

Skill      XL: |  1  2 |
---------------+-------+-----
Fighting       | 3 |  3.6
Maces & Flails | 3 |  3.1
Dodging        | 3 |  3.1
Throwing       | |  2.0

Action                     || total
---------------------------++-------
  Melee: Flail             ||   105
         Punch             ||     1
   Stab: Sleeping          ||     1
 Armour: Robe              ||    34
  Dodge: Dodged            ||    70
